Map: Deathaura LE

Players

Probe

  • Race: Protoss Protoss
  • League: Master
  • Spawn Location: 11:00

Rogue - Winner!

  • Race: Zerg Zerg
  • Spawn Location: 5:00

Event: DreamHack SC2 Masters 2020 Fall

VOD

Have the link to the VOD?

Description

Time

  • Played on: Sept. 17, 2020, 9:18 a.m.
  • Length: 13:42

All games in this series

Show
View Real Time Build Order
Export as new Build Order

Probe Protoss 

Build Orders: 1 Gate Expand, Oracle Opening 

Get SALT Encoding   

  12  0:00  Probe  
  13  0:12  Probe  
  14  0:17  Pylon  
  14  0:24  Probe (Chrono Boost)  
  14  0:28  Assimilator  
  15  0:37  Probe (Chrono Boost)  
  15  0:42  Gateway  
  16  0:46  Probe (Chrono Boost)  
  17  0:54  Probe  
  18  1:06  Probe  
  19  1:19  Probe  
  19  1:25  Nexus  
  20  1:34  Cybernetics Core  
  20  1:37  Probe  
  21  1:44  Assimilator  
  21  1:49  Probe  
  21  1:52  Pylon  
  22  2:01  Probe  
  22  2:07  Adept (Chrono Boost)  
  23  2:09  Probe  
  23  2:15  Stargate  
  26  2:17  Probe  
  27  2:27  Probe  
  28  2:30  Stalker (Chrono Boost)  
  28  2:33  Warp Gate  
  30  2:40  Probe x2  
  32  2:52  Probe x2  
  32  2:55  Void Ray (Chrono Boost)  
  34  3:04  Probe  
  34  3:05  Probe  
  40  3:07  Pylon  
  40  3:16  Probe  
  40  3:17  Probe  
  42  3:20  Gateway  
  42  3:28  Probe  
  42  3:29  Oracle (Chrono Boost), Probe  
  47  3:40  Probe, Pylon  
  47  3:41  Probe  
  49  3:49  Pylon  
  49  3:52  Probe  
  49  3:53  Probe  
  51  3:55  Assimilator  
  51  3:56  Assimilator  
  51  4:04  Probe  
  51  4:05  Probe  
  51  4:09  Pylon  
  53  4:15  Nexus  
  53  4:16  Probe  
  54  4:17  Probe  
  54  4:22  Adept x2  
  59  4:28  Probe  
  59  4:29  Probe  
  61  4:41  Probe x2  
  63  4:46  Twilight Council, Sentry  
  63  4:47  Forge  
  63  4:49  Sentry  
  63  4:52  Shield Battery  
  67  4:53  Probe x2  
  69  5:01  Gateway  
  69  5:02  Gateway  
  69  5:05  Probe  
  69  5:06  Probe  
  71  5:09  Gateway  
  71  5:11  Gateway  
  71  5:13  Sentry x2  
  75  5:15  Protoss Ground Weapons Level 1 (Chrono Boost)  
  75  5:17  Blink, Probe  
  75  5:18  Probe  
  75  5:20  Pylon  
  77  5:29  Probe  
  77  5:34  Probe (Chrono Boost)  
  80  5:37  Probe (Chrono Boost)  
  80  5:39  Sentry x2  
  80  5:41  Probe (Chrono Boost)  
  85  5:46  Probe (Chrono Boost)  
  85  5:48  Pylon  
  87  5:52  Probe x2 (Chrono Boost)  
  87  5:53  Probe (Chrono Boost)  
  87  5:54  Photon Cannon  
  89  5:59  Probe  
  89  6:01  Probe x2  
  89  6:04  Stalker x3  
  98  6:14  Stalker x3  
  98  6:17  Pylon  
  104  6:19  Pylon  
  104  6:22  Pylon  
  104  6:26  Probe  
  104  6:27  Robotics Facility  
  104  6:28  Assimilator  
  104  6:31  Assimilator  
  105  6:41  Stalker x6  
  105  6:43  Probe  
  105  6:46  Probe  
  119  6:48  Probe  
  120  6:55  Probe, Pylon x2  
  121  7:10  Stalker x3  
  121  7:11  Stalker  
  119  7:20  Robotics Bay, Stalker  
  119  7:21  Stalker  
  125  7:22  Probe x2  
  125  7:26  Probe  
  119  7:32  Observer (Chrono Boost)  
  119  7:35  Probe x2  
  119  7:37  Stalker x4  
  124  7:42  Probe  
  127  7:47  Probe x2  
  129  7:52  Charge (Chrono Boost)  
  129  7:53  Warp Prism  
  129  7:54  Probe  
  129  7:55  Protoss Ground Weapons Level 2 (Chrono Boost)  
  132  7:59  Gateway, Probe  
  132  8:00  Gateway  
  132  8:02  Sentry  
  132  8:03  Sentry  
  137  8:06  Shield Battery  
  137  8:13  Shield Battery  
  137  8:15  Photon Cannon  
  137  8:18  Shield Battery  
  137  8:24  Shield Battery  
  137  8:33  Stalker  
  137  8:34  Stalker  
  141  8:38  Pylon  
  141  8:39  Pylon  
  141  8:46  Stalker  
  141  8:48  Pylon  
  141  8:49  Pylon  
  141  8:53  Colossus (Chrono Boost)  
  140  8:55  Probe  
  147  9:03  Extended Thermal Lance (Chrono Boost)  
  147  9:04  Nexus, Sentry x2  
  147  9:05  Pylon  
  151  9:10  Probe x2  
  151  9:16  Stalker x3  
  159  9:26  Zealot  
  159  9:27  Zealot x4  
  169  9:36  Colossus (Chrono Boost)  
  169  9:38  Shield Battery, Photon Cannon  
  169  9:39  Stalker x3  
  174  9:49  Probe  
  174  9:50  Zealot x3  
  177  9:53  Probe  
  177  9:56  Probe  
  173  10:01  Probe  
  173  10:05  Probe  
  171  10:10  Dark Shrine  
  171  10:11  Assimilator  
  171  10:13  Photon Cannon  
  171  10:16  Assimilator  
  165  10:23  Stalker x4, Colossus (Chrono Boost)  
  165  10:24  Stalker  
  173  10:38  Zealot x3  
  173  10:41  Probe  
  180  10:49  Shield Battery  
  180  10:51  Shield Battery  
  180  10:52  Shield Battery  
  180  10:56  Templar Archives  
  180  11:00  Zealot x8  
  196  11:10  Pylon  
  185  11:24  Stargate  
  185  11:25  Stargate, Fleet Beacon  
  169  11:29  Dark Templar  
  169  11:32  Dark Templar x6  
  183  11:44  Colossus  
  173  11:50  Zealot  
  175  11:58  Shadow Stride  
  174  12:02  Zealot  
  174  12:04  Zealot x2  
  174  12:05  Zealot x4  
  186  12:09  Oracle (Chrono Boost)  
  189  12:18  Nexus, Carrier (Chrono Boost)  
  189  12:19  Carrier (Chrono Boost)  
  189  12:38  Disruptor, Pylon  
  189  12:40  Carrier (Chrono Boost)  
  189  12:44  Zealot x3  
  198  12:47  Zealot x3  
  188  12:56  Zealot x2  
  180  13:08  Zealot x4  
  164  13:21  Zealot x2  
  137  13:31  Zealot x2  
  137  13:32  Zealot x2  
Show
View Real Time Build Order
Export as new Build Order

Rogue Zerg - Winner!

Build Orders: Hatch First, Lurkers, Roach Hydra 

Get SALT Encoding   

  12  0:00  Drone  
  13  0:12  Overlord  
  13  0:17  Drone  
  14  0:31  Drone  
  15  0:43  Hatchery  
  15  0:47  Drone  
  15  0:51  Drone  
  15  0:55  Drone  
  17  0:58  Drone  
  18  1:09  Extractor  
  17  1:14  Spawning Pool  
  17  1:18  Drone  
  17  1:21  Drone  
  18  1:31  Drone  
  19  1:42  Drone  
  20  1:53  Overlord  
  20  2:01  Queen x2  
  20  2:02  Zergling x2  
  20  2:03  Zergling x2  
  27  2:08  Drone  
  27  2:15  Drone  
  28  2:18  Drone  
  29  2:25  Drone  
  29  2:27  Drone  
  31  2:40  Hatchery  
  31  2:43  Queen  
  32  2:47  Drone  
  33  2:51  Overlord  
  33  2:55  Drone x2  
  35  2:59  Drone  
  36  3:07  Pneumatized Carapace  
  36  3:10  Drone  
  36  3:11  Drone x2  
  39  3:16  Drone  
  39  3:17  Drone  
  39  3:19  Queen, Overlord  
  43  3:24  Spore Crawler  
  43  3:25  Drone  
  43  3:27  Drone  
  44  3:39  Drone x2  
  46  3:42  Metabolic Boost  
  46  3:45  Overlord  
  46  3:46  Overlord  
  46  3:55  Drone  
  46  3:56  Drone x3  
  49  4:03  Queen  
  49  4:04  Drone x5  
  49  4:08  Overlord  
  56  4:10  Spore Crawler  
  56  4:14  Drone  
  56  4:17  Spore Crawler  
  56  4:20  Evolution Chamber  
  56  4:21  Roach Warren  
  56  4:23  Zergling x6  
  56  4:25  Drone x2  
  56  4:27  Drone  
  59  4:33  Overlord  
  59  4:35  Drone x2  
  59  4:39  Drone x5  
  59  4:41  Drone  
  65  4:46  Lair  
  65  4:48  Drone x2  
  65  4:50  Drone  
  68  4:54  Overlord  
  68  4:56  Drone  
  68  4:57  Extractor  
  68  4:58  Extractor  
  68  4:59  Zerg Missile Weapons Level 1  
  67  5:03  Drone x4, Extractor  
  67  5:05  Drone  
  67  5:06  Overlord  
  71  5:08  Drone  
  71  5:11  Overlord  
  71  5:13  Drone  
  71  5:14  Drone x3  
  76  5:16  Extractor  
  76  5:17  Extractor  
  76  5:20  Drone x2  
  76  5:21  Drone  
  77  5:28  Roach  
  77  5:32  Drone x2  
  81  5:41  Overlord  
  81  5:42  Overlord  
  81  5:43  Drone x5  
  81  5:46  Glial Reconstitution  
  81  5:48  Hatchery  
  85  5:51  Overseer  
  85  5:56  Roach x3  
  91  5:58  Overseer  
  91  6:01  Roach x5  
  101  6:09  Roach  
  101  6:10  Roach x5  
  113  6:13  Overlord  
  113  6:16  Infestation Pit  
  112  6:18  Overlord  
  112  6:21  Overlord  
  112  6:23  Ravager  
  113  6:26  Overlord x2  
  113  6:31  Overlord  
  113  6:35  Hydralisk Den  
  113  6:36  Zergling x2  
  113  6:37  Zergling x8  
  115  6:42  Ravager x4  
  115  6:45  Overlord  
  119  6:48  Drone  
  119  6:49  Drone x4  
  124  6:57  Extractor  
  124  6:58  Hive  
  124  6:59  Zergling x10  
  124  7:00  Extractor  
  127  7:05  Zergling x4  
  125  7:12  Zergling x6  
  125  7:13  Zergling x4  
  116  7:17  Drone  
  116  7:18  Roach x4  
  116  7:19  Lurker Den  
  124  7:29  Roach x6  
  136  7:33  Ravager x3  
  136  7:36  Roach x6  
  149  7:37  Zergling x6, Overseer  
  149  7:41  Drone  
  149  7:42  Drone x3  
  152  7:46  Overlord  
  152  7:53  Drone x3  
  152  7:54  Drone x3  
  158  8:00  Grooved Spines  
  158  8:01  Overlord x2  
  158  8:06  Hydralisk x2  
  158  8:11  Hydralisk x3  
  168  8:14  Hydralisk x2  
  168  8:15  Hydralisk x2  
  168  8:18  Seismic Spines  
  174  8:27  Drone x2  
  176  8:39  Overlord x2  
  175  8:44  Hatchery  
  175  8:45  Lurker x5  
  175  8:48  Lurker  
  179  8:53  Hydralisk x3  
  184  8:59  Hydralisk x2  
  184  9:00  Zergling x2  
  188  9:06  Hatchery  
  188  9:08  Hydralisk x4  
  196  9:12  Zergling x8  
  196  9:15  Extractor x2, Adaptive Talons  
  198  9:20  Overseer  
  198  9:23  Spine Crawler x2  
  196  9:27  Muscular Augments  
  196  9:31  Overlord  
  196  9:33  Overlord  
  196  9:43  Hydralisk  
  189  9:48  Hydralisk x3  
  189  9:51  Hydralisk x5  
  199  9:57  Zerg Missile Weapons Level 2  
  195  10:02  Evolution Chamber  
  195  10:04  Hydralisk x2  
  195  10:05  Spine Crawler  
  197  10:08  Zergling x4  
  199  10:20  Overlord  
  196  10:25  Overlord  
  192  10:31  Zerg Ground Armor Level 1  
  192  10:33  Viper x2  
  192  10:34  Viper  
  189  10:38  Drone  
  189  10:39  Overlord  
  190  10:42  Spine Crawler  
  190  10:49  Lurker x7  
  196  10:50  Zergling x8  
  200  11:00  Hatchery  
  200  11:03  Drone  
  200  11:05  Adrenal Glands  
  200  11:18  Hydralisk x2  
  199  11:28  Spine Crawler  
  199  11:30  Overlord  
  198  11:34  Overlord  
  198  11:41  Spine Crawler  
  198  11:43  Spore Crawler  
  198  11:45  Spine Crawler  
  198  11:46  Overlord  
  194  11:49  Spine Crawler  
  194  11:51  Lurker  
  194  11:52  Lurker x5  
  199  12:00  Spine Crawler  
  199  12:01  Overseer  
  189  12:06  Hydralisk x11  
  199  12:20  Drone x3  
  200  12:23  Overseer  
  200  12:26  Overseer x2  
  200  12:35  Hydralisk x6  
  199  12:43  Hydralisk  
  199  12:44  Hydralisk x3  
  192  12:48  Hydralisk  
  192  12:49  Hydralisk x3  
  192  12:51  Hydralisk  
  198  12:56  Hydralisk x3  
  195  13:00  Hydralisk x3  
  195  13:02  Hydralisk  
  195  13:04  Hydralisk  
  194  13:16  Hydralisk  
  194  13:17  Hydralisk x8  
  200  13:22  Lurker Den  

Tags
 
Add a new tag
Caveats
  • Supply blocks, unpowered buildings, or Contaminate may cause inaccurate times.
  • Supply counts are checked every 10 seconds.